AoeStats
← The Crusader

MegaRandom

504358447Analyzed
4v4 RM · 28d ago on Sep 5, 2026· 38m 38s· 8 players
Game mode
Random Map
Map size
Large (8 player)
Population
200
Speed
Normal
Resources
Standard
Victory
Conquest
Starting age
Dark Age
Ending age
Imperial Age
RankedLock teamsTeams togetherTeam positionsShared explorationLock speedFull tech treeHidden civsTurbo modeCheats
Victory
Defeat
🇳🇱 Italians · Netherlands
1655
+8
🇨🇴 Lithuanians · Colombia
1603
+10
🇸🇪 Maya · Sweden
1590
+10
🇺🇸 Wu · United States
1588
+10
🇺🇸 Spanish · United States
1478
-10
🇺🇸 Gurjaras · United States
1478
-10
🇺🇸 Bengalis · United States
1458
-9
🇺🇾 Franks · Uruguay
1444
-9
anykind
0:41 Loom
10:48 Feudal Age
14:56 Castle Age
13:00 Double-Bit Axe
12:56 Horse Collar
14:45 Horse Collar
16:04 Bow Saw
20:10 Scale Barding Armor
21:15 Chain Barding Armor
20:48 Town Watch
21:13 Gold Mining
22:07 Fletching
24:12 Husbandry
24:46 Bloodlines
24:59 Devotion
25:39 Forging
33:03 Imperial Age
31:36 Wheelbarrow
32:26 Iron Casting
34:44 Hand Cart
34:11 Elite Battle Elephant
38:08 Plate Barding Armor
38:06 Conscription
39:51 Blast Furnace
thegoodjunk
0:31 Loom
10:43 Feudal Age
11:24 Double-Bit Axe
14:26 Castle Age
12:51 Horse Collar
13:53 Padded Archer Armor
14:31 Fishing Lines
16:11 Leather Archer Armor
21:49 Husbandry
23:24 Fletching
24:12 Elite Skirmisher
26:00 Bodkin Arrow
26:51 Wheelbarrow
29:15 Ballistics
32:20 Imperial Age
31:31 Thumb Ring
32:51 Bow Saw
33:42 Bracer
34:13 Ring Archer Armor
34:53 Chemistry
The Crusader
0:30 Loom
9:26 Feudal Age
9:59 Double-Bit Axe
13:57 Horse Collar
19:07 Castle Age
18:13 Scale Barding Armor
18:13 Gold Mining
20:38 Bow Saw
26:51 Town Watch
27:42 Wheelbarrow
29:11 Heavy Plow
29:57 Gold Shaft Mining
33:34 Imperial Age
32:11 Fletching
32:38 Guard Tower
33:04 Bodkin Arrow
34:19 Bracer
35:29 Chemistry
35:32 Keep
35:25 Masonry
37:41 Crop Rotation
37:44 Ballistics
37:16 Onager
Carrito de panchos
6:20 Loom
9:32 Feudal Age
12:26 Wheelbarrow
16:14 Castle Age
16:18 Double-Bit Axe
17:13 Gold Mining
18:42 Medium Warships
32:13 Gold Shaft Mining
38:03 Hand Cart
40:21 Imperial Age
Zeroreasonz
0:29 Loom
9:39 Feudal Age
10:12 Double-Bit Axe
15:16 Castle Age
13:09 Horse Collar
15:26 Gold Mining
17:30 Bow Saw
18:15 Town Watch
18:51 Fletching
19:54 Wheelbarrow
22:19 Hand Cart
24:40 Bloodlines
26:53 Guard Tower
28:02 Bodkin Arrow
28:11 Heavy Plow
31:15 Scale Mail Armor
31:52 Gold Shaft Mining
33:21 Chain Mail Armor
33:17 Forging
33:26 Squires
33:28 Arson
38:30 Imperial Age
39:13 Iron Casting
38:41 Husbandry
38:49 Scale Barding Armor
Tapwater2000
0:36 Loom
10:35 Feudal Age
14:34 Castle Age
13:17 Fletching
14:25 Double-Bit Axe
16:34 Bow Saw
16:52 Bodkin Arrow
20:54 Padded Archer Armor
21:28 Horse Collar
23:54 Leather Archer Armor
24:40 Wheelbarrow
26:43 Gold Mining
28:15 Ballistics
30:02 Herbal Medicine
32:51 Imperial Age
30:42 Hand Cart
32:43 Stone Mining
33:35 Bracer
34:36 Chemistry
34:44 Ring Archer Armor
36:24 Elite Plumed Archer
37:25 Conscription
37:16 Thumb Ring
38:27 Scale Mail Armor
38:39 Forging
38:31 Squires
37:54 Pikeman
38:20 Arson
dyatos
0:33 Loom
10:01 Feudal Age
11:12 Double-Bit Axe
12:29 Fletching
14:42 Castle Age
14:08 Gold Mining
15:45 Medium Warships
15:32 Bodkin Arrow
15:42 Fishing Lines
18:03 Bow Saw
20:36 Ballistics
22:20 Padded Archer Armor
24:24 Leather Archer Armor
27:45 Wheelbarrow
31:18 Imperial Age
29:15 Horse Collar
29:28 Gillnets
30:27 Squires
30:28 Scale Mail Armor
31:39 Chain Mail Armor
33:00 Plate Mail Armor
32:36 Bracer
35:24 Conscription
35:41 Masonry
36:35 Forging
FreakingDanny
0:37 Loom
9:59 Feudal Age
14:22 Castle Age
13:00 Double-Bit Axe
13:23 Horse Collar
14:47 Bloodlines
14:49 Forging
14:46 Scale Barding Armor
17:57 Iron Casting
22:40 Husbandry
23:04 Chain Barding Armor
26:47 Wheelbarrow
27:37 Husbandry
36:57 Imperial Age
36:04 Heavy Plow
36:15 Bow Saw
35:56 Gold Mining
36:24 Light Cavalry
37:05 Cavalier
38:50 Plate Barding Armor
Connection lost

Rejoining the realm…

Still unreachable

The connection could not be restored.

Session expired

The server has moved on; the page needs a fresh start.